 Dungeon Crawl Stone Soup version 0.30-a0-782-ge64f9170bb (webtiles) character file.

Game seed: 13892843438162093794

26 Querens the Sneak (level 2, -3/13 HPs)
             Began as a Spriggan Enchanter on Feb 22, 2023.
             Slain by a gnoll
             ... wielding a +0 spear
              (8 damage)
             ... on level 2 of the Dungeon.
             The game lasted 00:02:45 (908 turns).

Querens the Sneak (Spriggan Enchanter)               Turns: 908, Time: 00:02:46

Health: -3/13      AC:  2    Str:  4    XL:     2   Next: 89%
Magic:  5/7        EV: 17    Int: 16    God:
Gold:   96         SH:  0    Dex: 15    Spells: 5/7 levels left

rFire   . . .      SeeInvis +    a - +1 dagger
rCold   . . .      Faith    .    (no shield)
rNeg    . . .      Spirit   .    b - +0 robe
rPois   +          Reflect  .    (helmet restricted)
rElec   .          Harm     .    (no cloak)
rCorr   .          Rampage  .    (gloves unavailable)
Will    .....                    (boots unavailable)
Stlth   +++                      (no amulet)
HPRegen 0.22/turn                f - ring of poison resistance
MPRegen 0.10/turn                (no ring)

@: very quick
A: very small, no large weapons, unfitting armour, see invisible, speed 3
a: no special abilities


You were on level 2 of the Dungeon.
You visited 1 branch of the dungeon, and saw 2 of its levels.

You collected 96 gold pieces.

Inventory:

Hand Weapons
 a - a +1 dagger (weapon)
Missiles
 j - 5 poisoned darts (quivered)
Armour
 b - a +0 robe (worn)
Jewellery
 f - a ring of poison resistance (left hand)
Scrolls
 h - 2 scrolls of identify {unknown}
 i - a scroll of magic mapping {unknown}
Potions
 c - 3 potions of invisibility
 d - a potion of mutation {unknown}
 e - a potion of curing {unknown}
 g - a potion of brilliance {unknown}
 k - 2 potions of flight {unknown}


   Skills:
 + Level 1.6 Short Blades
 - Level 2.6 Dodging
 * Level 5.2 Stealth
 + Level 3.1 Spellcasting
 + Level 3.9 Hexes


You had 5 spell levels left.
You knew the following spells:

 Your Spells              Type           Power      Damage    Failure   Level
a - Ensorcelled Hibernat  Hex/Ice        16%        N/A       12%         2

Your spell library contained the following spells:

 Spells                   Type           Power      Damage    Failure   Level
 Confusing Touch          Hex            15%        N/A       11%         3
 Tukima's Dance           Hex            15%        N/A       11%         3
 Dazzling Flash           Conj/Hex       16%        N/A       24%         3
 Vhi's Electric Charge    Tloc/Air       4%         N/A       50%         3
 Arcjolt                  Conj/Air       1%         1d11      99%         5
 Maxwell's Capacitive Co  Air            1%         ∞         100%        8


Dungeon Overview and Level Annotations

Branches:
Dungeon (2/15)

Altars:


Innate Abilities, Weirdness & Mutations

You are very small and have problems with some larger weapons.
You are too small for most types of armour.
You have supernaturally acute eyesight. (SInv)
You cover ground extremely quickly. (Speed+++)


Message History

Found a falchion.
Found an escape hatch in the ceiling.
Found a stone staircase leading down.
Found 5 poisoned darts.
Found 2 gold pieces.
There is an escape hatch in the ceiling here.
You see here 5 poisoned darts.
j - 5 poisoned darts You now have 83 gold pieces (gained 2).
Found 8 gold pieces.
Found 2 metallic silvery potions.
You now have 91 gold pieces (gained 8).
k - 2 metallic silvery potions A bat comes into view.
The helpless bat fails to defend itself.
You impale the bat!!
You kill the bat!
Found a ring mail.
You see here a +0 ring mail.
Found 5 gold pieces.
You now have 96 gold pieces (gained 5).
Found a stone staircase leading up.
There is a stone staircase leading up here.
You see here a +0 ring mail.
A gnoll comes into view. It is wielding a +0 spear.
A gnoll is nearby!
A gnoll comes into view. It is wielding a +0 spear.
The gnoll shouts!
A gnoll comes into view. It is wielding a +0 whip.
The gnoll hits you from afar with a +0 spear!
Ouch! That really hurt!
Casting: Ensorcelled Hibernation (safe; 12% risk of failure)
Confirm with . or Enter, or press ? or * to list all spells.
Aiming: Ensorcelled Hibernation (safe; 12% risk of failure)
Press: ? - help, Shift-Dir - straight line, f - gnoll
Aim: a gnoll, wielding a +0 spear (chance to affect: 50%)
The gnoll resists with some effort.
The gnoll shouts! x2
The gnoll hits you from afar with a +0 spear!
Ouch! That really hurt!
You die...

#.#.#####. #.#.#...#.
#.#.....#. #.#.#.#.#.
#.#.#.#.#. #.#.#.#.#.
#.#.#.#.#.
###############.#.#.#.#.
...ggg.@........#.#.#.#.
###############.#<..#.#.
#.#.###.#. #.#.....#.
#.#######. #......[..
##########


You could see 3 gnolls.

Vanquished Creatures
  A worm (D:2)
  2 dart slugs (D:1)
  2 bats (D:2)
  An endoplasm (D:1)
  2 goblins (D:1)
  2 hobgoblins
  3 kobolds
  A quokka (D:1)
  A ball python (D:1)
  2 frilled lizards (D:1)
  2 rats (D:1)
19 creatures vanquished.

Notes
Turn   | Place    | Note
-------+----------+-------------------------------------------
     0 | D:1      | Querens the Spriggan Enchanter began the quest for the Orb.
     0 | D:1      | Reached XP level 1. HP: 9/9 MP: 5/5
    30 | D:1      | Noticed a floating eye
    32 | D:1      | Found a faded altar of an unknown god.
    33 | D:1      | Noticed a floating eye
    33 | D:1      | Noticed a shining eye
    33 | D:1      | Noticed a great orb of eyes
   251 | D:1      | Reached XP level 2. HP: 13/13 MP: 6/6
   440 | D:1      | Reached skill level 5 in Stealth
   464 | D:1      | Learned a level 2 spell: Ensorcelled Hibernation
   908 | D:2      | Slain by a gnoll

Illustrated notes

Levels and vault maps discovered:
D:1:      minmay_arrival_five_plusses, layout_loops_ring,
          hellmonk_ecumenical_altar_watching_god, chequers_hall_statues_wall_a
D:2:      kb_forest_paths, layout_basic

Skill      XL: |  1  2 |
---------------+-------+-----
Stealth        | 5 |  5.2
Spellcasting   | 3 |  3.1
Short Blades   | |  1.6
Dodging        | |  2.6
Hexes          | |  3.9

Action                     || total
---------------------------++-------
  Melee: Dagger            ||    50
         Punch             ||     1
   Cast: Ensorcelled Hiber ||     4
   Stab: Sleeping          ||     7
 Armour: Robe              ||     5
  Dodge: Dodged            ||    37

Table legend: (Time is in decaauts)
 A = Elapsed time spent in this place.
 B = Non-inter-level travel time spent in this place.
 C = Inter-level travel time spent in this place.
 D = Time resting spent in this place.
 E = Time spent auto-exploring this place.
 F = Levels seen in this place.
 G = Mean time per level.
                   A        B        C        D        E       F      G
               +--------+--------+--------+--------+--------+-----+--------+
         Total |    574 |    504 |     70 |      0 |      0 |   2 |  287.0 |
       Dungeon |    574 |    504 |     70 |      0 |      0 |   2 |  287.0 |
               +--------+--------+--------+--------+--------+-----+--------+

Top non-repeatable levels by time:
     D:1: 411 daAuts
     D:2: 163 daAuts
